AoeStats
← bsdiwalechacha

Oasis

507760288Analyzed
2v2 RM · 14d ago on Sep 19, 2026· 31m 45s· 4 players
Game mode
Random Map
Map size
Medium (4 player)
Population
200
Speed
Normal
Resources
Standard
Victory
Conquest
Starting age
Dark Age
Ending age
Imperial Age
RankedLock teamsTeams togetherTeam positionsShared explorationLock speedFull tech treeHidden civsTurbo modeCheats
Victory
Defeat
🇮🇳 Franks · India
1079
+13
🇦🇺 Saracens · Australia
1077
+13
🇺🇸 Magyars · United States
1053
-15
🇺🇸 Teutons · United States
971
-30
रोहन
7:28 Loom
10:05 Feudal Age
11:01 Double-Bit Axe
14:18 Fletching
15:32 Horse Collar
24:08 Castle Age
24:11 Crossbowman
24:47 Bodkin Arrow
25:20 Crossbowman
26:05 Padded Archer Armor
28:42 Ballistics
29:58 Leather Archer Armor
bsdiwalechacha
8:50 Loom
10:57 Feudal Age
13:56 Wheelbarrow
13:50 Man-at-Arms
17:19 Scale Barding Armor
18:50 Forging
23:43 Stone Mining
28:33 Castle Age
28:09 Gold Mining
30:23 Husbandry
31:46 Gold Shaft Mining
The Fearless Three
4:44 Loom
16:46 Feudal Age
Big Dan
2:57 Loom
12:28 Feudal Age
12:45 Man-at-Arms
14:14 Arson
23:03 Castle Age
22:41 Fletching
26:24 Scale Barding Armor
Connection lost

Rejoining the realm…

Still unreachable

The connection could not be restored.

Session expired

The server has moved on; the page needs a fresh start.